 Dungeon Sprint DCSS version 0.18.1-48-g4cf74bf (webtiles) character file.

1239 Joat the Blocker (level 8, -2/46 HPs)
             Began as a Vine Stalker Fighter on Aug 26, 2016.
             Was a High Priest of Makhleb.
             Killed from afar by a red draconian (17 damage)
             ... with a searing blast
             ... in the Dungeon (Sprint V: "Ziggurat Sprint").
             The game lasted 00:07:30 (259 turns).

Joat the Blocker (Vine Stalker Fighter)              Turns: 259, Time: 00:07:30

Health: -2/46      AC: 20    Str: 22    XL:     8   Next: 49%
Magic:  0/10       EV:  0    Int: 13    God:    Makhleb [*****.]
Gold:   0          SH: 31    Dex: 24    Spells: 0 memorised, 7 levels left

rFire  . . .     SeeInvis +     l - +14 obsidian axe {chop, +Fly Str+3 SInv *Curse} (curse)
rCold  + . .     Gourm    .     m - +15 Maxwell's patent armour {-Cast -Tele rElec MR+ rCorr}
rNeg   + . .     Faith    .     n - +18 shield of the gong {rElec rN+ MR+ EV-5}
rPois  .         Spirit   +     (no helmet)
rElec  +         Dismiss  .     (no cloak)
rCorr  +         Reflect  .     (no gloves)
SustAt .         Harm     .     (no boots)
MR     +++..     NoTele   +     (no amulet)
Stlth  .......... NoCast   +    O - ring "Uloyngal" {rCorr *Drain +Blink rElec Dex+5}
                                P - ring "Lecuhuum" {rC+ Int+5 Dex+3}

@: corroded, mesmerised, extremely resistant to hostile enchantments, extremely
unstealthy
A: fangs 3, regeneration 2, magic shield, antimagic bite, no device heal 3, rot
immunity
a: Minor Destruction, Lesser Servant of Makhleb, Major Destruction, Greater
Servant of Makhleb, Renounce Religion, Evoke Blink, Evoke Flight


You were in the Dungeon.
You worshipped Makhleb.
Makhleb was extremely pleased with you.
You were not hungry.

You visited 1 branch

Inventory:

Hand Weapons
 a - a +0 war axe
 l - the cursed +14 obsidian axe (weapon) {chop, +Fly Str+3 SInv *Curse}
   (You found it in the Dungeon)

   It inflicts extra damage upon your enemies.
   It affects your strength (+3).
   It lets you see invisible.
   It lets you fly.
   It may re-curse itself when equipped.
   It has a curse placed upon it.
Armour
 m - the +15 Maxwell's patent armour (worn) {-Cast -Tele rElec MR+ rCorr}
   (You found it in the Dungeon)

   It insulates you from electricity.
   It affects your resistance to hostile enchantments.
   It prevents spellcasting.
   It prevents most forms of teleportation.
   It protects you from acid and corrosion.
 n - the +18 shield of the gong (worn) {rElec rN+ MR+ EV-5}
   (You found it in the Dungeon)

   It affects your evasion (-5).
   It insulates you from electricity.
   It protects you from negative energy.
   It affects your resistance to hostile enchantments.
 M - a +3 large shield
 N - a +3 shield
Jewellery
 O - the ring "Uloyngal" (right hand) {rCorr *Drain +Blink rElec Dex+5}
   (You found it in the Dungeon)

   [ring of resist corrosion]

   It affects your dexterity (+5).
   It insulates you from electricity.
   It lets you blink.
   It causes draining when unequipped.
 P - the ring "Lecuhuum" (left hand) {rC+ Int+5 Dex+3}
   (You found it in the Dungeon)

   [ring of dexterity]

   It affects your intelligence (+5).
   It affects your dexterity (+3).
   It protects you from cold.
Scrolls
 k - 4 scrolls of blinking
 q - 4 scrolls of amnesia
 r - 3 scrolls of recharging
 s - 7 scrolls of fog
 t - a scroll of holy word
 u - 5 scrolls of identify
 v - 5 scrolls of remove curse
 w - 2 scrolls of fear
Potions
 d - 6 potions of might
 e - 10 potions of curing
 g - 10 potions of heal wounds
 h - 6 potions of haste
 i - 7 potions of magic
 j - 3 potions of berserk rage
 x - 2 potions of brilliance
 z - 2 potions of invisibility
 A - 4 potions of resistance
 C - 5 potions of agility
Books
 c - a book of Necromancy

   Spells                             Type                      Level
   a - Pain                           Necromancy                   1
   b - Animate Skeleton               Necromancy                   1
   c - Vampiric Draining              Necromancy                   3
   d - Regeneration                   Charms/Necromancy            3
   e - Animate Dead                   Necromancy                   4
   f - Control Undead                 Necromancy                   4
 B - a book of Annihilations

   Spells                             Type                      Level
   a - Poison Arrow                   Conjuration/Poison           6
   b - Chain Lightning                Conjuration/Air              8
   c - Lehudib's Crystal Spear        Conjuration/Earth            8
   d - Glaciate                       Conjuration/Ice              9
   e - Fire Storm                     Conjuration/Fire             9
Comestibles
 b - 2 chunks of flesh
 f - 5 bread rations
 o - 42 fruits
 p - 4 meat rations


   Skills:
 + Level 7.6 Fighting
 * Level 9.6 Axes
 + Level 6.9 Armour
 + Level 10.1 Shields
 + Level 2.3 Invocations


You had 7 spell levels left.
You didn't know any spells.

Dungeon Overview and Level Annotations

Branches:
Dungeon (1/1)

Altars:
Ashenzari
Cheibriados
Dithmenos
Elyvilon
Fedhas
Gozag
Kikubaaqudgha
Makhleb
Nemelex Xobeh
Okawaru
Pakellas
Qazlal
Ru
Sif Muna
Trog
Vehumet
Xom
Yredelemnul
Zin
The Shining One
Beogh
Jiyva
Lugonu


Innate Abilities, Weirdness & Mutations

You have razor-sharp teeth.
You heal very quickly.
When hurt, damage is shared between your health and your magic reserves.
Your bite disrupts and absorbs the magic of your enemies.
Potions and wands cannot restore your health.
You are immune to rotting.


Message History

PTOANNNG!
You block the black draconian's attack.
GONNNNG!
The red draconian hits you but does no damage.
The rust devil hits you. The rust devil corrodes you!
Your sun demon hits the rust devil!
The rust devil is engulfed in flames.
The rust devil completely resists.
The draconian hits you with a +4 vampiric dagger.
You slash the draconian! Your bite misses the draconian.
The draconian is severely wounded.
You hit the rust devil.
You are no longer entranced.
You kill the rust devil!
Visions of slaying the draconian flood into your mind.
The black draconian breathes lightning at you.
The bolt of lightning hits you! You resist. You block the draconian's attack.
PTOANNNG!
The red draconian breathes flames at you.
The searing blast hits you!
You die...

▓........▓........▓
▓▓▓▓▓▓▓▓▓▓▓▓▓▓▓▓▓▓▓
▓..8©8..▓ ▓...:)..▓
▓..:)|..▓ ▓...d...▓
▓..ddd..▓ ▓...)d..▓
▓...@3..▓ ▓.▓...▓.▓
▓.......▓ ▓▓▓▓▓▓▓▓▓


You could see a black draconian, a red draconian, 3 draconians and a friendly
sun demon.

Vanquished Creatures
  A draconian (D)
  A jumping spider (D)
  2 tarantellas (D)
  A hell hound (D)
  A necrophage (D)
  A scorpion (D)
  2 wights (D)
  2 adders (D)
  A shadow imp (D)
  An adder zombie (D)
  4 ball pythons (D)
  A jackal skeleton (D)
18 creatures vanquished.

Vanquished Creatures (collateral kills)
  A scorpion (D)
1 creature vanquished.

Grand Total: 19 creatures vanquished

Notes
Turn   | Place    | Note
--------------------------------------------------------------
     0 | D        | Joat the Vine Stalker Fighter began the quest for the Orb.
     0 | D        | Reached XP level 1. HP: 11/11 MP: 2/2
     0 | D        | Found an iron altar of Okawaru.
     0 | D        | Found a radiant altar of Vehumet.
     0 | D        | Found a burning altar of Makhleb.
     0 | D        | Found a shimmering altar of Xom.
     0 | D        | Found a deep blue altar of Sif Muna.
    13 | D        | Found a viscous altar of Jiyva.
    13 | D        | Found a roughly hewn altar of Beogh.
    13 | D        | Found a corrupted altar of Lugonu.
    13 | D        | Found a white marble altar of Elyvilon.
    20 | D        | Found a sparkling altar of Nemelex Xobeh.
    21 | D        | Found a bloodstained altar of Trog.
    37 | D        | Became a worshipper of Makhleb the Destroyer
   129 | D        | Reached skill level 7 in Shields
   129 | D        | Reached XP level 2. HP: 16/16 MP: 3/3
   130 | D        | Entered arena 1.
   133 | D        | Reached * piety under Makhleb
   141 | D        | Entered arena 2.
   141 | D        | Noticed a hell hound
   145 | D        | Killed a hell hound
   145 | D        | Reached skill level 8 in Shields
   145 | D        | Reached XP level 3. HP: 13/21 MP: 2/4
   145 | D        | Reached XP level 4. HP: 15/25 MP: 2/5
   146 | D        | Reached ** piety under Makhleb
   151 | D        | Got the ring "Uloyngal" {rCorr *Drain +Blink rElec Dex+5}
   153 | D        | Got the ring "Lecuhuum" {rC+ Int+5 Dex+3}
   180 | D        | Entered arena 3.
   182 | D        | Reached XP level 5. HP: 30/30 MP: 6/6
   183 | D        | Reached *** piety under Makhleb
   196 | D        | Entered arena 4.
   196 | D        | Noticed a necrophage
   206 | D        | Killed a necrophage
   206 | D        | Reached **** piety under Makhleb
   206 | D        | Reached skill level 5 in Fighting
   206 | D        | Reached skill level 5 in Axes
   206 | D        | Gained mutation: You heal very quickly. [Vine Stalker growth]
   206 | D        | Reached XP level 6. HP: 35/35 MP: 7/7
   209 | D        | Reached skill level 5 in Armour
   220 | D        | Entered arena 5.
   220 | D        | Noticed a jumping spider
   220 | D        | Noticed a tarantella
   220 | D        | Noticed a tarantella
   223 | D        | Killed a tarantella
   223 | D        | Reached skill level 9 in Shields
   223 | D        | Reached XP level 7. HP: 36/40 MP: 6/8
   223 | D        | Reached ***** piety under Makhleb
   225 | D        | Killed a tarantella
   230 | D        | Killed a jumping spider
   230 | D        | Gained mutation: You have razor-sharp teeth. [Vine Stalker growth]
   230 | D        | Reached XP level 8. HP: 46/46 MP: 7/9
   248 | D        | Entered arena 6.
   248 | D        | Noticed a draconian
   248 | D        | Noticed a red draconian
   248 | D        | Noticed a draconian
   248 | D        | Noticed a draconian
   248 | D        | Noticed a black draconian
   248 | D        | Noticed a draconian
   253 | D        | Noticed a rust devil
   254 | D        | Killed a draconian
   254 | D        | Reached skill level 10 in Shields
   259 | D        | Killed from afar by a red draconian

Skill      XL: |  1  2  3  4  5  6  7  8 |
---------------+-------------------------+-----
Shields        | 7 8 9 10 | 10.1
Fighting       | 4 5 6 7 |  7.6
Axes           | 3 5 7 8 9 |  9.6
Armour         | 3 4 5 6 |  6.9
Invocations    | 2 |  2.3

Action                   |  1- 3 |  4- 6 |  7- 9 || total
-------------------------+-------+-------+-------++-------
Melee: Broad axe         |     5 |    17 |    16 ||    38
       Bite              |     2 |     9 |     5 ||    16
  Use: Potion            |     1 |       |       ||     1
 Stab: Distracted        |       |       |     1 ||     1
Armor: Plate armour      |     6 |     8 |    16 ||    30
Block: Shield            |    10 |    30 |    42 ||    82
